 Dungeon Crawl Stone Soup version 0.32-a0-411-g744942f433 (webtiles) character file.

Game seed: 11234913421058437588

1521 dialectric the Chopper (level 8, -5/62 HPs)
             Began as a Coglin Fighter on Feb 21, 2024.
             Engulfed by a steam dragon's steam (10 damage)
             ... on level 6 of the Dungeon.
             The game lasted 00:07:35 (4378 turns).

dialectric the Chopper (Coglin Fighter)             Turns: 4378, Time: 00:07:35

Health: -5/62      AC: 15    Str: 19    XL:     8   Next: 84%
Magic:  0/8        EV:  7    Int:  8    God:
Gold:   339        SH:  0    Dex: 13    Spells: 7/7 levels left

rFire   . . .        a - +0 war axe {Bastian}
rCold   . . .        k - +0 war axe {Yongsun}
rNeg    + . .        d - +0 plate armour
rPois   .            g - +0 helmet
rElec   .            (no cloak)
rCorr   .            (no gloves)
SInv    .            x - +0 pair of boots
Will    .....        i - amulet of guardian spirit Stlth
                     C - ring of positive energy
HPRegen 0.30/turn    (no ring)
MPRegen 0.11/turn

%: guardian spirit
@: immotile, revved
A: off-hand wielding, slow wielding, warmup strikes, legs shutdown
a: no special abilities


You were on level 6 of the Dungeon.
You visited 1 branch of the dungeon, and saw 6 of its levels.

You collected 339 gold pieces.

Inventory:

Hand Weapons
 a - a +0 war axe (weapon) {Bastian}
 k - a +0 war axe (offhand) {Yongsun}
 v - a +2 short sword of venom
Missiles
 q - 7 poisoned darts (quivered)
Armour
 b - a +0 scale mail
 c - a +0 buckler
 d - a +0 plate armour (worn)
 g - a +0 helmet (worn)
 x - a +0 pair of boots (worn)
Jewellery
 i - an amulet of guardian spirit (around neck)
 C - a ring of positive energy (left grasper)
Wands
 j - a wand of mindburst (9)
Scrolls
 f - a scroll of torment {unknown}
 h - 2 scrolls of poison {unknown}
 m - 4 scrolls of teleportation {unknown}
 p - a scroll of blinking {unknown}
 s - a scroll of revelation
 t - a scroll of silence {unknown}
 u - a scroll of fear {unknown}
 y - a scroll of immolation {unknown}
 A - a scroll of enchant armour {unknown}
 B - a scroll of butterflies {unknown}
Potions
 e - 6 potions of curing
 l - 3 potions of brilliance
 n - 2 potions of lignification {unknown}
 o - a potion of invisibility {unknown}
 r - a potion of haste {unknown}
 z - a potion of enlightenment {unknown}
 D - a potion of degeneration {unknown}
 E - a potion of resistance {unknown}
 F - 2 potions of magic {unknown}
 G - a potion of might


   Skills:
 + Level 5.0 Fighting
 + Level 6.7 Axes
 + Level 5.7 Armour
 - Level 3.3 Dodging
 - Level 3.2 Shields


You had 7 spell levels left.
You didn't know any spells.
Your spell library contained the following spells:

 Spells                   Type           Power      Damage    Failure   Level
 Slow                     Hex            0%         N/A       100%        1
 Confusing Touch          Hex            0%         N/A       100%        3
 Inner Flame              Hex/Fire       0%         N/A       100%        3
 Sigil of Binding         Hex            0%         N/A       100%        3
 Tukima's Dance           Hex            0%         N/A       100%        3
 Vampiric Draining        Necr           0%         2d6       100%        3
 Dimensional Bullseye     Hex/Tloc       0%         N/A       100%        4
 Iskenderun's Mystic Bla  Conj/Tloc      0%         2d3       100%        4
 Irradiate                Conj/Alch      0%         3d11      100%        5
 Ignition                 Fire           0%         3d3       100%        8


Dungeon Overview and Level Annotations

Branches:
Dungeon (6/15)             Temple (0/1) D:5

Altars:


Innate Abilities, Weirdness & Mutations

You can wield a second weapon in your off-hand.
It takes a long time for you to wield or remove held weapons.
Your first few attacks do less damage.
Attacking and casting redirects power from your legs.


Message History

The gnoll hits you with a +0 halberd! The gnoll closely misses you.
Unknown command.
You slash the gnoll with your +0 war axe!
You kill the gnoll!
You hit the gnoll but do no damage.
You slash the gnoll with your +0 war axe!
You kill the gnoll!
Unknown command.
You cannot move.
Unknown command.
You are no longer unable to travel.
Things that are here:
a +0 halberd; a gnoll corpse A steam dragon comes into view.
The steam dragon hisses angrily.
Found a fuming clear potion and 4 stones.
The steam dragon bites you but does no damage.
The steam dragon closely misses you.
You barely miss the steam dragon with your +0 war axe.
You hit the steam dragon with your +0 war axe.
The steam dragon completely misses you. The steam dragon claws you.
You hit the steam dragon but do no damage.
The steam dragon is lightly wounded.
You hit the steam dragon with your +0 war axe.
The steam dragon breathes steam at you.
The ball of steam hits you but does no damage.
Unknown command.
You barely miss the steam dragon with your +0 war axe.
The steam dragon is lightly wounded.
You closely miss the steam dragon with your +0 war axe.
You are engulfed in a cloud of scalding steam.
* * * LOW HITPOINT WARNING * * *
The steam dragon bites you but does no damage.
The steam dragon claws you.
* * * LOW HITPOINT WARNING * * *
You completely miss the steam dragon with your +0 war axe.
The steam dragon is lightly wounded.
You hit the steam dragon with your +0 war axe.
You are engulfed in a cloud of scalding steam.
You die...

########### ########
..#...##.(.####...#..#..
......#.................
....[.#.........@........
......#..........D.......
......#......:...........
......#....................
......#....................
......#.............##.....
#...####.!...##.....# .....
###############..)).##.....
.†...............))).......


You could see a steam dragon.

Vanquished Creatures
  Grinder (D:5)
  2 ice beasts
  2 black bears
  Blork the orc (D:6)
  A gnoll sergeant (D:6)
  A scorpion (D:6)
  2 hounds
  2 jellies
  2 bombardier beetles
  An orc priest (D:4)
  Crazy Yiuf (D:2)
  3 iguanas
  4 orc wizards
  7 gnolls (D:6)
  10 adders
  A shadow imp (D:5)
  4 dart slugs
  2 ribbon worms
  20 orcs
  7 ball pythons
  2 endoplasms (D:3)
  4 giant cockroaches
  7 goblins
  7 hobgoblins
  11 jackals
  3 quokkas
  7 bats
  A frilled lizard (D:3)
  6 kobolds
  4 rats
126 creatures vanquished.

Notes
Turn   | Place    | Note
-------+----------+-------------------------------------------
     0 | D:1      | dialectric the Coglin Fighter began the quest for the Orb.
     0 | D:1      | Reached XP level 1. HP: 18/18 MP: 1/1
   125 | D:1      | Reached XP level 2. HP: 23/24 MP: 2/2
   309 | D:1      | Reached XP level 3. HP: 26/29 MP: 3/3
  1040 | D:2      | Found a faded altar of an unknown god.
  1179 | D:2      | Reached XP level 4. HP: 35/35 MP: 4/4
  1329 | D:2      | Found a runed translucent door.
  1330 | D:2      | Noticed Crazy Yiuf
  1476 | D:2      | Killed Crazy Yiuf
  1583 | D:3      | Reached skill level 3 in Axes
  1609 | D:3      | Reached XP level 5. HP: 42/42 MP: 5/5
  2222 | D:3      | Reached XP level 6. HP: 48/48 MP: 6/6
  2648 | D:4      | Noticed a black bear
  2699 | D:5      | Entered Level 5 of the Dungeon
  2765 | D:5      | Reached skill level 4 in Axes
  2840 | D:5      | Noticed Grinder
  2850 | D:5      | Killed Grinder
  2851 | D:5      | Reached skill level 1 in Dodging
  2851 | D:5      | Reached XP level 7. HP: 44/55 MP: 7/7
  3021 | D:5      | Found a staircase to the Ecumenical Temple.
  3115 | D:5      | Reached skill level 5 in Axes
  3696 | D:4      | Reached XP level 8. HP: 61/61 MP: 8/8
  4049 | D:6      | Reached skill level 6 in Axes
  4049 | D:6      | Reached skill level 5 in Armour
  4341 | D:6      | Noticed Blork the orc
  4348 | D:6      | Killed Blork the orc
  4364 | D:6      | Reached skill level 5 in Fighting
  4378 | D:6      | Engulfed by a steam dragon's steam

Illustrated notes

Levels and vault maps discovered:
D:1:      amcnicky_arrival_double_pillar, layout_loops_corners,
          minmay_tree_intersection
D:2:      layout_basic, shapermc_ecumenical_altar_mp_ritualfount,
          minmay_misc_feat_alley, uniq_crazy_yiuf_cottage
D:3:      layout_loops_ring, grunt_ministairs_5
D:4:      layout_basic
D:5:      layout_basic, minmay_temple_entry_arrows, uniq_grinder
D:6:      layout_gridville, mainiacjoe_overflow_brackets, uniq_blork_the_orc

Skill      XL: |  1  2  3  4  5  6  7  8 |
---------------+-------------------------+-----
Armour         | 3 4 5 |  5.7
Axes           | 3 4 5 6 |  6.7
Fighting       | 4 5 |  5.0
Shields        | 3 |  3.2
Dodging        | 1 2 3 |  3.3

Action                     |  1- 3 |  4- 6 |  7- 9 || total
---------------------------+-------+-------+-------++-------
  Melee: War axe           |    79 |   186 |   169 ||   434
    Use: Potion            |       |     1 |     4 ||     5
         Scroll            |       |       |     4 ||     4
 Armour: Scale mail        |    45 |    64 |       ||   109
         Plate armour      |       |    36 |   140 ||   176
  Dodge: Dodged            |    45 |    49 |    48 ||   142

Table legend: (Time is in decaauts)
 A = Elapsed time spent in this place.
 B = Non-inter-level travel time spent in this place.
 C = Inter-level travel time spent in this place.
 D = Time resting spent in this place.
 E = Time spent auto-exploring this place.
 F = Levels seen in this place.
 G = Mean time per level.
                   A        B        C        D        E       F      G
               +--------+--------+--------+--------+--------+-----+--------+
         Total |   4455 |   4301 |    154 |      0 |   3128 |   6 |  742.5 |
       Dungeon |   4455 |   4301 |    154 |      0 |   3128 |   6 |  742.5 |
               +--------+--------+--------+--------+--------+-----+--------+

Top non-repeatable levels by time:
     D:5: 902 daAuts
     D:1: 874 daAuts
     D:3: 770 daAuts
     D:4: 763 daAuts
     D:2: 668 daAuts
     D:6: 475 daAuts
